 Dungeon Crawl Stone Soup version 0.17.1-3-g152610e (webtiles) character file.

506 dearth the Sneak (level 6, -1/28 HPs)
             Began as a Spriggan Enchanter on Mar 2, 2016.
             Splashed by a jelly's acid (4 damage)
             ... on level 5 of the Dungeon.
             The game lasted 00:17:19 (4368 turns).

dearth the Sneak (Spriggan Enchanter)               Turns: 4368, Time: 00:17:19

Health: -1/28      AC: -9    Str:  4    XL:     6   Next: 97%
Magic:  14/14      EV: 20    Int: 19    God:
Gold:   27         SH:  0    Dex: 16    Spells: 3 memorised, 8 levels left

rFire  . . .     SeeInvis +     p - +1 dagger (speed)
rCold  . . .     Clarity  .     r - +2 robe
rNeg   . . .     SustAt   +     (shield restricted)
rPois  .         Gourm    .     (helmet restricted)
rElec  .         Spirit   .     (no cloak)
rCorr  .         Warding  .     (gloves unavailable)
rMut   .         Stasis   .     (boots unavailable)
MR     +....                    (no amulet)
Stlth  ++++......               v - +3 ring of protection
                                m - ring of sustain attributes

@: corroded equipment, very quick, somewhat resistant to hostile enchantments,
stealthy
A: unfitting armour, see invisible, herbivore 3, speed 3, slow metabolism 2
a: no special abilities


You were on level 5 of the Dungeon.
You were not hungry.

You visited 1 branch of the dungeon, and saw 5 of its levels.

You collected 195 gold pieces.
You spent 168 gold pieces at shops.

Inventory:

Hand Weapons
 a - a +1 dagger
 j - a +2 dagger of venom
 p - a +1 dagger of speed (weapon)
 y - a +2 dagger of draining
Armour
 r - a +2 robe (worn)
Jewellery
 m - a ring of sustain attributes (left hand)
 v - a +3 ring of protection (right hand)
Wands
 b - a wand of draining (8)
 o - a wand of confusion (28)
 q - a wand of random effects (48)
Scrolls
 i - 4 scrolls of remove curse
 k - a scroll of enchant armour
 u - 5 scrolls of identify
 w - 3 scrolls of enchant weapon
 z - 3 scrolls of teleportation
Potions
 e - a potion of magic {unknown}
 f - 4 potions of curing {unknown}
 g - a potion of mutation {unknown}
 h - a potion of might {unknown}
 l - a potion of invisibility {unknown}
 n - a potion of degeneration {unknown}
 t - a potion of agility {unknown}
 x - a potion of poison {unknown}
Books
 c - a book of Maledictions

   Spells                             Type                      Level
   a - Corona                         Hexes                        1
   b - Ensorcelled Hibernation        Hexes/Ice                    2
   c - Confuse                        Hexes                        3
   d - Tukima's Dance                 Hexes                        3
   e - Dazzling Spray                 Conjuration/Hexes            3
Comestibles
 d - a bread ration
 s - 2 fruits


   Skills:
 + Level 3.4 Short Blades
 + Level 5.1 Dodging
 + Level 6.6 Stealth
 + Level 4.8 Spellcasting
 + Level 5.5 Hexes
 + Level 1.0 Evocations


You had 8 spell levels left.
You knew the following spells:

 Your Spells              Type           Power        Failure   Level  Hunger
a - Corona                Hex            ####...      1%          1    None
b - Ensorcelled Hibernat  Hex/Ice        ###...       8%          2    #......
c - Confuse               Hex            ####....     4%          3    ##.....


Dungeon Overview and Level Annotations

Branches:
Dungeon (5/15)
 Temple: D:4-7

Altars:
Okawaru
Qazlal

Shops:
D:5 ?


Innate Abilities, Weirdness & Mutations

You are tiny and cannot use many weapons and most armour.
You have supernaturally acute eyesight.
You are a herbivore.
You cover ground extremely quickly.
You need consume almost no food.


Message History

You hit the jelly. The acid corrodes you!
Your hands burn!
The jelly is moderately wounded.
The jelly completely misses you.
You hit the jelly but do no damage.
Your hands burn!
The jelly is moderately wounded.
The jelly hits you but does no damage.
You hit the jelly.
Your hands burn!
The jelly is moderately wounded.
You hit the jelly.
Your hands burn!
The jelly is heavily wounded.
The jelly completely misses you.
You hit the jelly but do no damage. The acid corrodes you!
Your hands burn!
The jelly is heavily wounded.
You hit the jelly. The acid corrodes you!
Your hands burn!
The jelly is heavily wounded.
The jelly hits you.
You are splashed with acid!
The acid corrodes you!
The acid burns!
* * * LOW HITPOINT WARNING * * *
You hit the jelly but do no damage. The acid corrodes you!
Your hands burn!
You die...

############ .> ##
............# #. ..
.............# #. .#
#............# .. .#
#............# ..
.###.........J..#
#.#. ........Z.@..#
#..#####...........#
#.................(#
#..................#
#..................#
#.......#+##'#######
#.#'##### #.####
#...# #....#
##..#####.#####.#


You could see a jelly and an adder zombie.

Vanquished Creatures
  Sigmund (D:2)
  A giant frog skeleton (D:4)
  2 hounds (D:4)
  4 worker ants (D:4)
  9 adders
  An adder skeleton (D:4)
  3 worms
  4 orcs
  2 ball pythons
  8 bats
  6 giant cockroaches
  9 hobgoblins
  7 jackals
  5 kobolds
  A quokka (D:3)
  A giant cockroach zombie (D:4)
  2 giant geckos (D:3)
  A giant gecko skeleton (D:4)
  4 giant newts
  5 goblins
  A quokka skeleton (D:5)
  12 rats
89 creatures vanquished.

Notes
Turn   | Place    | Note
--------------------------------------------------------------
     0 | D:1      | dearth the Spriggan Enchanter began the quest for the Orb.
     0 | D:1      | Reached XP level 1. HP: 9/9 MP: 5/5
   224 | D:1      | Reached XP level 2. HP: 13/13 MP: 6/6
   863 | D:1      | Reached XP level 3. HP: 14/16 MP: 8/8
  1641 | D:2      | Reached skill level 5 in Stealth
  1793 | D:1      | Learned a level 2 spell: Ensorcelled Hibernation
  1797 | D:1      | Learned a level 3 spell: Confuse
  2327 | D:2      | Reached XP level 4. HP: 21/21 MP: 4/9
  2348 | D:2      | Noticed Sigmund
  2368 | D:2      | Killed Sigmund
  2368 | D:2      | Reached skill level 6 in Stealth
  2368 | D:2      | Reached XP level 5. HP: 24/24 MP: 7/11
  2846 | D:2      | Reached XP level 6. HP: 28/28 MP: 12/12
  3033 | D:3      | Reached skill level 5 in Hexes
  3964 | D:4      | Reached skill level 1 in Evocations
  4043 | D:4      | Found a stormy altar of Qazlal.
  4109 | D:4      | Reached skill level 5 in Dodging
  4224 | D:5      | Entered Level 5 of the Dungeon
  4242 | D:5      | Found Kotogem's Magic Scroll Emporium.
  4280 | D:5      | Bought 2 scrolls of teleportation for 72 gold pieces
  4280 | D:5      | Bought a scroll of teleportation for 36 gold pieces
  4280 | D:5      | Bought a scroll of remove curse for 36 gold pieces
  4280 | D:5      | Bought a scroll of identify for 24 gold pieces
  4285 | D:5      | Found an iron altar of Okawaru.
  4368 | D:5      | Splashed by a jelly's acid

Action                   |  1- 3 |  4- 6 || total
-------------------------+-------+-------++-------
Melee: Dagger            |   128 |   244 ||   372
 Cast: Corona            |     2 |       ||     2
       Ensorcelled Hiber |     9 |     5 ||    14
       Confuse           |     1 |     1 ||     2
  Use: Scroll            |       |     8 ||     8
 Stab: Sleeping          |    10 |    21 ||    31
       Distracted        |     1 |       ||     1
  Eat: Bread ration      |       |     1 ||     1
